 Dungeon Crawl Stone Soup version 0.28.0-45-g0d030f2227 (webtiles) character file.

Game seed: 11344382923473199926

308 Ablot the Cutter (level 6, -2/53 HPs)
             Began as a Gnoll Chaos Knight on Apr 13, 2022.
             Was a Plaything of Xom.
             Succumbed to an orc warrior's poison
             ... on level 3 of the Dungeon.
             The game lasted 00:04:18 (2583 turns).

Ablot the Cutter (Gnoll Chaos Knight)               Turns: 2583, Time: 00:04:19

Health: -2/53      AC:  8    Str: 13    XL:     6   Next: 40%
Magic:  9/9        EV: 12    Int: 12    God:    Xom [......]
Gold:   48         SH:  0    Dex: 11    Spells: 9/9 levels left

rFire   . . .      SeeInvis .   a - +0 short sword (chaos)
rCold   . . .      Faith    .   (no shield)
rNeg    . . .      Spirit   .   b - +2 leather armour
rPois   .          Reflect  .   (no helmet)
rElec   .          Harm     .   (no cloak)
rCorr   .          Rampage  .   h - +0 pair of gloves
Will    +....                   e - +0 pair of boots
Stlth   ++........              (no amulet)
HPRegen 0.17/turn               o - ring of willpower
MPRegen 0.11/turn               (no ring)

@: lethally poisoned (-2 -> -20)
A: fangs 1, strong nose, distributed training
a: Renounce Religion


You were on level 3 of the Dungeon.
You worshipped Xom.
You were a very special plaything of Xom.
You visited 1 branch of the dungeon, and saw 4 of its levels.

You collected 48 gold pieces.

Inventory:

Hand Weapons
 a - a +0 short sword of chaos (weapon)
Missiles
 d - 2 curare-tipped darts (quivered)
 g - 36 arrows
 i - 80 stones
 m - 4 boomerangs
Armour
 b - a +2 leather armour (worn)
 e - a +0 pair of boots (worn)
 h - a +0 pair of gloves (worn)
Jewellery
 o - a ring of willpower (left hand)
Scrolls
 c - a scroll of silence {unknown}
 f - 6 scrolls of identify {unknown}
 j - a scroll of vulnerability {unknown}
 l - a scroll of blinking {unknown}
 n - a scroll of enchant armour {unknown}
 p - a scroll of noise {unknown}
 q - a scroll of teleportation {unknown}
 r - a scroll of holy word {unknown}
Potions
 k - a potion of berserk rage {unknown}
 s - 2 potions of might {unknown}


   Skills:
 + Level 6.8 Fighting
 + Level 6.8 Short Blades
 + Level 2.0 Long Blades
 + Level 2.0 Axes
 + Level 2.0 Maces & Flails
 + Level 2.0 Polearms
 + Level 2.0 Staves
 + Level 2.0 Slings
 + Level 2.0 Bows
 + Level 2.0 Crossbows
 + Level 2.0 Throwing
 + Level 5.0 Armour
 + Level 3.2 Dodging
 + Level 2.0 Stealth
 + Level 2.0 Shields
 + Level 2.0 Unarmed Combat
 + Level 2.0 Spellcasting
 + Level 1.5 Conjurations
 + Level 1.5 Hexes
 + Level 1.5 Summonings
 + Level 1.5 Necromancy
 + Level 1.5 Translocations
 + Level 1.5 Transmutations
 + Level 1.5 Fire Magic
 + Level 1.5 Ice Magic
 + Level 1.5 Air Magic
 + Level 1.5 Earth Magic
 + Level 1.5 Poison Magic
 + Level 2.1 Invocations
 + Level 2.0 Evocations


You had 9 spell levels left.
You didn't know any spells.
Your spell library contained the following spells:

 Spells                   Type           Power      Damage    Failure   Level
 Beastly Appendage        Tmut           8%         N/A       19%         1
 Shock                    Conj/Air       16%        1d4       19%         1
 Wereblood                Tmut           4%         N/A       26%         2
 Spider Form              Tmut/Pois      4%         N/A       47%         3
 Swiftness                Air            4%         N/A       47%         3
 Airstrike                Air            2%         N/A       87%         4


Dungeon Overview and Level Annotations

Branches:
Dungeon (4/15)
 Temple: D:4-7

Altars:
Hepliaklqana

Portals:
Abyss: D:4

Annotations:
D:3 1 transporter, Zeus21348's ghost, amateur DsCj
D:4 duchin's ghost, amateur DgVM


Innate Abilities, Weirdness & Mutations

You have very sharp teeth.
Your uncanny sense of smell can sniff out nearby items.
Your experience applies equally to all skills.


Message History

The orc warrior hits you with a +0 halberd of venom!
You are poisoned.
The orc closely misses you.
You climb upwards.
Level annotation: 1 transporter, Zeus21348's ghost, amateur DsCj You feel very sick.
There is a stone staircase leading down here.
Throw: 3 darts (curare)
Press: ? - help, Q - select action, (/) - cycle Shift-Dir - straight line, f - orc warrior
Aim: an orc warrior, wielding a +0 halberd of venom and wearing a +0 chain mail (57% to hit)
You throw a curare-tipped dart.
The curare-tipped dart hits the orc warrior.
The orc warrior is poisoned.
The orc warrior convulses.
The orc warrior seems to slow down.
The orc warrior is moderately wounded.
You feel sick. The orc hits you with a +0 club.
The orc warrior barely misses you.
You barely miss the orc warrior.
The orc warrior is moderately wounded.
You feel sick. The orc barely misses you.
The orc warrior hits you with a +0 halberd of venom!
You hit the orc warrior but do no damage.
The orc warrior is moderately wounded.
You feel sick. The orc barely misses you.
You puncture the orc warrior! You burn the orc warrior.
Your bite misses the orc warrior.
The orc warrior is severely wounded.
You feel sick.
The orc warrior hits you with a +0 halberd of venom!
* * * LOW HITPOINT WARNING * * *
You are lethally poisoned!
The orc barely misses you.
You hit the orc warrior but do no damage.
The orc warrior evaporates and reforms as a jelly!
Your hands burn!
* * * LOW HITPOINT WARNING * * *
You bite the jelly, but do no damage.
The jelly is moderately wounded.
You die...
Xom guffaws!

##################
#@J............††.
#o###############.
#.#......########.
#.................
######.####.########.
#.......[##.# #.
#........##.#########
#........##..........
#...)........########


You could see a jelly and an orc.

Vanquished Creatures
  A necrophage (D:4)
  An orc wizard (D:3)
  Natasha (thrice) (D:2)
  4 adders
  2 dart slugs (D:3)
  4 bats
  7 endoplasms
  4 giant cockroaches
  9 goblins
  11 hobgoblins
  7 kobolds
  5 quokkas
  8 ball pythons
  2 frilled lizards (D:1)
  3 rats (D:1)
71 creatures vanquished.

Vanquished Creatures (others)
  A hobgoblin (D:1)
  A bat (D:1)
2 creatures vanquished.

Grand Total: 73 creatures vanquished

Notes
Turn   | Place    | Note
-------+----------+-------------------------------------------
     0 | D:1      | Ablot the Gnoll Chaos Knight began the quest for the Orb.
     0 | D:1      | Reached XP level 1. HP: 23/23 MP: 1/1
    49 | D:1      | Reached XP level 2. HP: 25/29 MP: 2/2
   141 | D:1      | XOM: potion effect (curing)
   249 | D:1      | Found a faded altar of an unknown god.
   319 | D:1      | Reached XP level 3. HP: 35/35 MP: 3/3
   807 | D:2      | Reached skill level 1 in Invocations
   929 | D:2      | Found a hazy altar of Hepliaklqana.
   939 | D:2      | Noticed Natasha
   945 | D:2      | Killed Natasha
   946 | D:2      | Reached skill level 1 in Long Blades
   946 | D:2      | Reached skill level 1 in Axes
   946 | D:2      | Reached skill level 1 in Maces & Flails
   946 | D:2      | Reached skill level 1 in Polearms
   946 | D:2      | Reached skill level 1 in Staves
   946 | D:2      | Reached skill level 1 in Slings
   946 | D:2      | Reached skill level 1 in Bows
   946 | D:2      | Reached skill level 1 in Crossbows
   946 | D:2      | Reached skill level 1 in Throwing
   946 | D:2      | Reached skill level 1 in Stealth
   946 | D:2      | Reached skill level 1 in Shields
   946 | D:2      | Reached skill level 1 in Unarmed Combat
   946 | D:2      | Reached skill level 1 in Spellcasting
   946 | D:2      | Reached skill level 1 in Evocations
   946 | D:2      | Reached XP level 4. HP: 37/41 MP: 5/5
  1023 | D:2      | Noticed Natasha
  1036 | D:2      | Killed Natasha
  1037 | D:2      | Reached skill level 1 in Conjurations
  1037 | D:2      | Reached skill level 1 in Hexes
  1037 | D:2      | Reached skill level 1 in Summonings
  1037 | D:2      | Reached skill level 1 in Necromancy
  1037 | D:2      | Reached skill level 1 in Translocations
  1037 | D:2      | Reached skill level 1 in Transmutations
  1037 | D:2      | Reached skill level 1 in Fire Magic
  1037 | D:2      | Reached skill level 1 in Ice Magic
  1037 | D:2      | Reached skill level 1 in Air Magic
  1037 | D:2      | Reached skill level 1 in Earth Magic
  1037 | D:2      | Reached skill level 1 in Poison Magic
  1060 | D:2      | XOM: silly message
  1164 | D:2      | Noticed Natasha
  1176 | D:2      | Killed Natasha
  1177 | D:2      | Reached XP level 5. HP: 40/47 MP: 5/7
  1587 | D:3      | Noticed Zeus21348's ghost (amateur DsCj)
  1588 | D:3      | Found a transporter.
  1593 | D:3      | Identified the +4 dire flail "Arbiter" {vamp, Str+7}
  1593 | D:3      | Noticed an ogre
  2023 | D:4      | Found a one-way gate to the infinite horrors of the Abyss.
  2023 | D:4      | Noticed duchin's ghost (amateur DgVM)
  2055 | D:4      | XOM: potion effect (haste)
  2181 | D:4      | Noticed a necrophage
  2185 | D:4      | Killed a necrophage
  2186 | D:4      | Reached XP level 6. HP: 52/53 MP: 8/8
  2209 | D:4      | Noticed an orc warrior
  2212 | D:4      | XOM: potion effect (curing)
  2220 | D:4      | XOM: confuse monster(s)
  2418 | D:4      | XOM: noise
  2429 | D:3      | Reached skill level 5 in Armour
  2583 | D:3      | an orc warrior changed into a jelly
  2583 | D:3      | HP: 1/53 [acid (4)]
  2583 | D:3      | Succumbed to an orc warrior's poison

Illustrated notes

Levels and vault maps discovered:
D:1:      dpeg_arrival_tiny_f, layout_basic,
          hellmonk_ecumenical_altar_arch_garden, st_stairs_11
D:2:      layout_rooms, basic_altar, roderic_cross_of_infinity,
          kennysheep_another_room, uniq_natasha
D:3:      layout_basic, gammafunk_ghost_smash
D:4:      layout_rooms, minmay_temple_entry_proselytizer,
          gammafunk_ghost_abyssal_escape, chequers_serial_rivers_micro_a,
          minmay_liquid_box, minmay_misc_feat_alley

Skill      XL: |  1  2  3  4  5  6 |
---------------+-------------------+-----
Invocations    | 1 2 |  2.1
Long Blades    | 1 2 |  2.0
Axes           | 1 2 |  2.0
Maces & Flails | 1 2 |  2.0
Polearms       | 1 2 |  2.0
Staves         | 1 2 |  2.0
Slings         | 1 2 |  2.0
Bows           | 1 2 |  2.0
Crossbows      | 1 2 |  2.0
Throwing       | 1 2 |  2.0
Stealth        | 1 2 |  2.0
Shields        | 1 2 |  2.0
Unarmed Combat | 1 2 |  2.0
Spellcasting   | 1 2 |  2.0
Evocations     | 1 2 |  2.0
Conjurations   | 1 |  1.5
Hexes          | 1 |  1.5
Summonings     | 1 |  1.5
Necromancy     | 1 |  1.5
Translocations | 1 |  1.5
Transmutations | 1 |  1.5
Fire Magic     | 1 |  1.5
Ice Magic      | 1 |  1.5
Air Magic      | 1 |  1.5
Earth Magic    | 1 |  1.5
Poison Magic   | 1 |  1.5
Dodging        | 3 |  3.2
Armour         | 5 |  5.0
Fighting       | |  6.8
Short Blades   | |  6.8

Action                   |  1- 3 |  4- 6 || total
-------------------------+-------+-------++-------
Melee: Short sword       |   106 |   141 ||   247
       Bite              |     7 |    15 ||    22
       Punch             |     1 |     2 ||     3
Throw: Dart              |       |     1 ||     1
 Stab: Sleeping          |       |     3 ||     3
Armor: Leather armour    |    36 |    54 ||    90
Dodge: Dodged            |    71 |    70 ||   141
